 Dungeon Crawl Stone Soup version 0.28.0-53-g5a82cb258f (webtiles) character file.

Game seed: 14912784016542105026

626 Descartes the Shield-Bearer (level 7, 0/52 HPs)
             Began as a Formicid Fighter on Aug 15, 2022.
             Slain by a hornet zombie (7 damage)
             ... on level 5 of the Dungeon.
             The game lasted 00:07:00 (4935 turns).

Descartes the Shield-Bearer (Formicid Fighter)      Turns: 4935, Time: 00:07:01

Health: 0/52       AC:  9    Str: 22    XL:     7   Next: 76%
Magic:  7/7        EV:  6    Int:  8    God:
Gold:   195        SH:  8    Dex: 10    Spells: 6/6 levels left

rFire   . . .      SeeInvis +   a - +0 war axe
rCold   . . .      Faith    .   z - +0 kite shield
rNeg    . . .      Spirit   .   m - +0 chain mail
rPois   .          Reflect  .   (helmet unavailable)
rElec   .          Harm     .   (no cloak)
rCorr   .          Rampage  .   (no gloves)
Will    .....                   (no boots)
Stlth   ..........              (no amulet)
HPRegen 0.17/turn               (no ring)
MPRegen 0.10/turn               (no ring)

@: no status effects
A: permanent stasis, dig shafts and tunnels, antennae 3, four strong arms
a: Dig, Shaft Self


You were on level 5 of the Dungeon.
You visited 1 branch of the dungeon, and saw 5 of its levels.

You collected 195 gold pieces.

Inventory:

Hand Weapons
 a - a +0 war axe (weapon)
Missiles
 e - 68 stones
 f - 12 bolts
 n - 14 arrows
 w - 11 poisoned darts
Armour
 m - a +0 chain mail (worn)
 z - a +0 kite shield (worn)
Wands
 d - a wand of paralysis (8)
 u - a wand of polymorph (13)
 v - a wand of flame (5)
Scrolls
 b - 3 scrolls of teleportation {unknown}
 c - a scroll of torment {unknown}
 h - 3 scrolls of enchant armour {unknown}
 i - a scroll of blinking {unknown}
 j - 2 scrolls of immolation {unknown}
 o - a scroll of fog {unknown}
 p - 3 scrolls of vulnerability {unknown}
 q - a scroll of magic mapping {unknown}
 s - 2 scrolls of identify {unknown}
 y - a scroll of holy word {unknown}
Potions
 g - a potion of heal wounds
 k - a potion of mutation {unknown}
 l - a potion of brilliance {unknown}
 r - a potion of haste {unknown}
 t - 2 potions of curing {unknown}
 x - a potion of invisibility {unknown}


   Skills:
 - Level 3.2 Fighting
 * Level 3.4(4.3) Axes
 * Level 2.6(3.5) Maces & Flails
 * Level 2.7(3.6) Polearms
 * Level 4.6 Armour
 * Level 5.0 Shields
 + Level 2.1 Hexes
 * Level 2.3 Translocations
 + Level 2.3 Poison Magic


You had 6 spell levels left.
You didn't know any spells.
Your spell library contained the following spells:

 Spells                   Type           Power      Damage    Failure   Level
 Sting                    Tmut/Pois      4%         1d3       99%         1
 Poisonous Vapours        Pois/Air       2%         N/A       100%        2
 Olgreb's Toxic Radiance  Pois           3%         N/A       100%        4


Dungeon Overview and Level Annotations

Branches:
Dungeon (5/15)
 Temple: D:4-7

Altars:
Cheibriados
Dithmenos
Nemelex Xobeh
Ru

Annotations:
D:4 3 runed translucent doors, kalagan's ghost, amateur DECj


Innate Abilities, Weirdness & Mutations

You cannot be hasted, slowed, berserked, paralysed or teleported.
You can dig through walls and to a lower floor.
You have a pair of large antennae on your head. (SInv)
Your four strong arms can wield two-handed weapons with a shield.


Message History

The black bear is almost dead.
The black bear bites you but does no damage.
The black bear claws you but does no damage.
You block the black bear's attack. The black bear bites you.
The black bear claws you but does no damage.
The black bear barely misses you.
You hit the black bear.
The black bear is almost dead.
You block the black bear's attack. x2; The black bear claws you.
The black bear bites you but does no damage.
The black bear claws you but does no damage. x2
You hit the black bear.
You kill the black bear!
The hornet zombie hits you.
Your Shields skill increases to level 5!
You barely miss the hornet zombie.
The hornet zombie is lightly damaged.
You block the hornet zombie's attack. x2
You barely miss the hornet zombie.
The hornet zombie is lightly damaged.
The hornet zombie hits you!
* * * LOW HITPOINT WARNING * * *
The hornet zombie hits you but does no damage.
Unknown command.
You hit the hornet zombie.
The hornet zombie is moderately damaged.
You block the hornet zombie's attack.
The hornet zombie hits you but does no damage.
You barely miss the hornet zombie.
The hornet zombie is moderately damaged.
The hornet zombie hits you.
* * * LOW HITPOINT WARNING * * *
The hornet zombie barely misses you.
You hit the hornet zombie.
The hornet zombie is moderately damaged.
You block the hornet zombie's attack.
You hit the hornet zombie.
The hornet zombie is moderately damaged.
The hornet zombie hits you!
You die...

#.......≈# ≈.
#.......≈###≈.
###.......≈≈≈≈≈.≈≈≈≈≈.
........>.............
#.......≈≈≈≈≈!≈≈≈≈≈.
..###.......≈# #≈.≈# #≈.
............≈# #≈.≈# #≈^
..#####Z##..≈###≈.≈###≈.
#@##..≈≈≈≈≈.≈≈≈≈≈.
#.#.###....h.....(..
..#.# #.≈≈≈≈≈.≈≈≈≈≈.
#.#.# #.≈###≈.≈###≈. ..
#.#.# #.≈# #≈.≈# #≈. ...
#.#.# #.≈# #≈.≈# #≈.
...####.#.#
#.≈≈≈≈≈.≈≈≈≈≈.
........#.#
#.............
...#....#.#
#.≈≈≈≈≈.≈≈≈≈≈.


You could see a hornet zombie.

Vanquished Creatures
  Eustachio (D:3)
  A black bear (D:5)
  An ice beast (D:5)
  A phantom (D:5)
  A scorpion (D:5)
  A gnoll shaman (D:3)
  A hound (D:5)
  3 gnolls (D:4)
  4 adders
  An ufetubus (D:4)
  A worm (D:2)
  2 dart slugs
  An orc (D:5)
  A ball python (D:1)
  3 bats
  5 endoplasms
  8 goblins
  4 hobgoblins
  7 jackals
  2 frilled lizards (D:2)
  5 kobolds
  4 rats
58 creatures vanquished.

Vanquished Creatures (others)
  A fungus (D:4)
  3 plants (D:4)
4 creatures vanquished.

Grand Total: 62 creatures vanquished

Notes
Turn   | Place    | Note
-------+----------+-------------------------------------------
     0 | D:1      | Descartes the Formicid Fighter began the quest for the Orb.
     0 | D:1      | Reached XP level 1. HP: 18/18 MP: 1/1
   417 | D:1      | Reached XP level 2. HP: 24/24 MP: 2/2
  1136 | D:2      | Reached XP level 3. HP: 24/29 MP: 3/3
  1554 | D:2      | Reached skill level 1 in Maces & Flails
  1554 | D:2      | Reached skill level 1 in Polearms
  1979 | D:3      | Found a snail-covered altar of Cheibriados.
  2068 | D:3      | Reached XP level 4. HP: 34/35 MP: 4/4
  2107 | D:3      | Found a shadowy altar of Dithmenos.
  2117 | D:3      | Reached skill level 1 in Hexes
  2446 | D:3      | Found a faded altar of an unknown god.
  2477 | D:3      | Found a sparkling altar of Nemelex Xobeh.
  2735 | D:4      | Found a runed translucent gate.
  2735 | D:4      | Found a runed translucent gate.
  2735 | D:4      | Found a runed translucent gate.
  2736 | D:4      | Noticed a kobold brigand
  2736 | D:4      | Noticed kalagan's ghost (amateur DECj)
  2798 | D:4      | Reached skill level 1 in Translocations
  2925 | D:4      | Reached skill level 4 in Shields
  2964 | D:4      | Noticed Eustachio
  3228 | D:4      | Reached XP level 5. HP: 3/41 MP: 5/5
  3230 | D:4      | HP: 1/41 [white imp/puff of frost[Eustachio] (10)]
  3548 | D:3      | Reached skill level 1 in Poison Magic
  3684 | D:3      | HP: 1/41 [ufetubus[Eustachio] (3)]
  3696 | D:3      | Killed Eustachio
  3697 | D:3      | Reached XP level 6. HP: 29/47 MP: 6/6
  4458 | D:5      | Entered Level 5 of the Dungeon
  4477 | D:5      | Found a sacrificial altar of Ru.
  4691 | D:5      | Reached XP level 7. HP: 40/52 MP: 7/7
  4930 | D:5      | Reached skill level 5 in Shields
  4935 | D:5      | Slain by a hornet zombie

Illustrated notes

Levels and vault maps discovered:
D:1:      dpeg_arrival_leaves_temple_mockup, layout_basic,
          chequers_decorated_corner, chequers_jeans
D:2:      layout_basic, minmay_misc_feat_tower
D:3:      layout_loops_cross, mainiacjoe_overflow_catwalk,
          nicolae_dithmenos_shadow_blocks, mainiacjoe_overflow_six_doors_small,
          serial_rivers, chequers_serial_rivers_micro_c,
          chequers_serial_rivers_micro_e, chequers_serial_rivers_large_a,
          chequers_serial_rivers_micro_d, chequers_serial_rivers_micro_c,
          chequers_serial_rivers_micro_d, hellmonk_ecumenical_altar_crossroads
D:4:      layout_loops_ring, gammafunk_ghost_nasty_kobolds, uniq_eustachio
D:5:      layout_basic, trog_three_pillars_becter,
          nicolae_ru_the_path_less_chosen, minmay_temple_entry_tees,
          kennysheep_boxes, uniq_pikel

Skill      XL: |  1  2  3  4  5  6  7 |
---------------+----------------------+-----
Maces & Flails | 1 2 |  2.6
Polearms       | 1 2 |  2.7
Hexes          | 1 2 |  2.1
Translocations | 1 2 |  2.3
Shields        | 4 5 |  5.0
Poison Magic   | 1 2 |  2.3
Armour         | 4 |  4.6
Axes           | 3 |  3.4
Fighting       | |  3.2

Action                   |  1- 3 |  4- 6 |  7- 9 || total
-------------------------+-------+-------+-------++-------
Melee: War axe           |    91 |   117 |    42 ||   250
 Abil: Dig               |       |     1 |       ||     1
  Use: Potion            |       |     3 |       ||     3
Armor: Scale mail        |    32 |       |       ||    32
       Chain mail        |    30 |   115 |    29 ||   174
Dodge: Dodged            |    36 |    62 |    11 ||   109
Block: Buckler           |    22 |    36 |       ||    58
       Kite shield       |       |     9 |    27 ||    36
